 Dungeon Crawl Stone Soup version 0.28.0-53-g5a82cb258f (webtiles) character file.

Game seed: 4383872839659095718

3115 pkoi the Martial Artist (level 9, -3/69 HPs)
             Began as a Demigod Gladiator on May 27, 2022.
             Slain by a wolf (8 damage)
             ... led by Grum
             ... on level 7 of the Dungeon.
             The game lasted 00:21:02 (10701 turns).

pkoi the Martial Artist (Demigod Gladiator)        Turns: 10701, Time: 00:21:03

Health: -3/69      AC:  6    Str: 15    XL:     9   Next: 34%
Magic:  5/17       EV: 12    Int: 22    God:
Gold:   410        SH:  0    Dex: 15    Spells: 8/14 levels left

rFire   . . .      SeeInvis .     - Unarmed
rCold   + . .      Faith    .   (no shield)
rNeg    . . .      Spirit   .   a - +0 leather armour
rPois   +          Reflect  .   j - +1 helmet
rElec   .          Harm     .   v - +0 cloak
rCorr   .          Rampage  .   (no gloves)
Will    .....                   (no boots)
Stlth   +.........              f - amulet of regeneration
HPRegen 1.01/turn               y - ring of poison resistance
MPRegen 0.15/turn               r - ring of protection from cold

@: no status effects
A: high MP 1, forlorn, divine attributes
a: no special abilities


You were on level 7 of the Dungeon.
You visited 1 branch of the dungeon, and saw 8 of its levels.
You also visited: Sewer.

You collected 410 gold pieces.

Inventory:

Hand Weapons
 e - a +0 dagger
 g - a +1 long sword of protection
 i - a +1 trident of venom
 u - a +1 dagger of flaming
 B - a +1 whip of electrocution
Missiles
 c - 5 throwing nets
 k - 10 poisoned darts
 C - 14 boomerangs of dispersal
Armour
 a - a +0 leather armour (worn)
 j - a +1 helmet (worn)
 v - a +0 cloak (worn)
Jewellery
 f - an amulet of regeneration (around neck)
 r - a ring of protection from cold (right hand)
 w - a ring of flight
 y - a ring of poison resistance (left hand)
Wands
 m - a wand of charming (9)
 x - a wand of flame (2)
 E - a wand of digging (3)
Scrolls
 o - a scroll of immolation
 p - 2 scrolls of enchant weapon
 s - a scroll of fear
 t - 2 scrolls of teleportation
 D - a scroll of vulnerability
 F - a scroll of summoning
 H - 2 scrolls of identify
Potions
 b - a potion of mutation {unknown}
 d - 6 potions of flight
 h - 8 potions of curing
 l - 2 potions of invisibility
 n - a potion of berserk rage
 q - a potion of magic
 z - 2 potions of heal wounds
 A - 2 potions of attraction
 G - a potion of resistance {unknown}
 I - a potion of haste {unknown}


   Skills:
 + Level 3.0 Fighting
 - Level 1.7 Throwing
 - Level 4.0 Armour
 - Level 2.6 Dodging
 * Level 9.8 Unarmed Combat
 - Level 3.2 Spellcasting
 - Level 3.0 Air Magic
 - Level 3.3 Poison Magic
 - Level 1.4 Evocations


You had 8 spell levels left.
You knew the following spells:

 Your Spells              Type           Power      Damage    Failure   Level
a - Poisonous Vapours     Pois/Air       34%        N/A       6%          2
b - Olgreb's Toxic Radia  Pois           18%        N/A       36%         4

Your spell library contained the following spells:

 Spells                   Type           Power      Damage    Failure   Level
 Sting                    Tmut/Pois      40%        1d5       8%          1
 Animate Skeleton         Necr           6%         N/A       16%         1
 Pain                     Necr           12%        1d4       16%         1
 Confusing Touch          Hex            3%         N/A       41%         3
 Dazzling Flash           Conj/Hex       6%         N/A       41%         3
 Vampiric Draining        Necr           3%         2d6       41%         3
 Alistair's Intoxication  Tmut/Pois      6%         N/A       91%         5
 Silence                  Hex/Air        5%         N/A       92%         5
 Agony                    Necr           3%         N/A       99%         5
 Borgnjor's Vile Clutch   Necr/Erth      1%         N/A       99%         5
 Yara's Violent Unravell  Hex/Tmut       1%         3d3       99%         5
 Eringya's Noxious Bog    Tmut/Pois      5%         N/A       100%        6
 Enfeeble                 Hex            1%         N/A       100%        7


Dungeon Overview and Level Annotations

Branches:
Dungeon (8/15)             Temple (0/1) D:7           Sewer (visited)
   Lair: D:8-11

Annotations:
D:3 2 transporters, Shockd's ghost, amateur MfIE


Innate Abilities, Weirdness & Mutations

You have an increased reservoir of magic. (+10% MP)
You shall have no god before yourself.
Your divine heritage dramatically boosts your attributes as you level up.


Message History

The wolf bites you!
* * * LOW HITPOINT WARNING * * *
The wolf barely misses you.
You climb upwards.
There is a stone staircase leading down here.
Unknown command.
Unknown command.
Aiming: Poisonous Vapours (safe; 6% risk of failure)
Press: ? - help, Q - select action, (/) - cycle Dir - move target, f - wolf
Aim: a wolf Poisonous vapours surround the wolf!
The wolf is poisoned.
The wolf bites you but does no damage. The wolf bites you.
* * * LOW HITPOINT WARNING * * *
You barely miss the wolf. The wolf bites you!
* * * LOW HITPOINT WARNING * * *
You hit the wolf.
The wolf is moderately wounded.
The wolf bites you but does no damage. The wolf bites you.
* * * LOW HITPOINT WARNING * * *
You hit the wolf.
The wolf is heavily wounded.
The wolf closely misses you.
Aiming: Poisonous Vapours (safe; 6% risk of failure)
Press: ? - help, Q - select action, (/) - cycle Dir - move target, f/p - wolf
Aim: a wolf (heavily wounded, poisoned) Poisonous vapours surround the wolf!
The wolf looks even sicker.
The wolf bites you!
* * * LOW HITPOINT WARNING * * *
The wolf misses you.
You hit the wolf but do no damage.
The wolf is heavily wounded.
The wolf bites you.
* * * LOW HITPOINT WARNING * * *
The wolf bites you but does no damage. The wolf bites you.
* * * LOW HITPOINT WARNING * * *
The wolf closely misses you.
You miss the wolf.
The wolf is severely wounded.
The wolf bites you!
You die...

#....................
##..........#..#.....
#..........##.#......
#..........##.#......
#................####
#>.........###.#.#
#........<.......####
#...h.....#.######...
###.@....#...†.....##
##################


You could see a wolf (poisoned).

Vanquished Creatures
  Pikel (D:6)
  A hornet (D:8)
  Grum (D:8)
  Menkaure (D:6)
  2 ice beasts
  2 orc warriors
  A sky beast (D:7)
  A black bear (D:6)
  An ogre (D:6)
  A wolf (D:8)
  2 lemures (D:6)
  2 kobold brigands
  A bullfrog (D:7)
  A wyvern skeleton (D:7)
  5 wights (D:6)
  A howler monkey (D:5)
  A bullfrog zombie (D:7)
  3 hounds
  4 jellies
  3 orc priests
  5 iguanas
  7 orc wizards
  A killer bee zombie (D:6)
  A howler monkey zombie (D:7)
  4 gnolls
  A howler monkey skeleton (D:4)
  8 adders
  5 river rats (Sewer)
  A shadow imp (D:6)
  2 ufetubi (D:5)
  An adder skeleton (D:4)
  3 dart slugs
  7 worms
  22 orcs
  9 ball pythons
  11 endoplasms
  7 giant cockroaches
  5 goblins
  6 hobgoblins
  2 jackals (Sewer)
  19 kobolds
  5 quokkas
  16 bats
  3 frilled lizards
  3 rats
189 creatures vanquished.

Vanquished Creatures (others)
  4 plants (D:7)
4 creatures vanquished.

Grand Total: 193 creatures vanquished

Notes
Turn   | Place    | Note
-------+----------+-------------------------------------------
     0 | D:1      | pkoi the Demigod Gladiator began the quest for the Orb.
     0 | D:1      | Reached XP level 1. HP: 17/17 MP: 3/3
   253 | D:1      | Reached skill level 3 in Unarmed Combat
   575 | D:1      | Reached XP level 2. HP: 23/24 MP: 4/4
  1889 | D:2      | Reached XP level 3. HP: 20/29 MP: 5/5
  2386 | D:2      | Reached skill level 4 in Unarmed Combat
  2928 | D:3      | Found a transporter.
  3125 | D:3      | Found a transporter.
  3128 | D:3      | Noticed Shockd's ghost (amateur MfIE)
  3129 | D:3      | Identified the +7 dire flail "Pifeobb" {flame, Will+ Dex+3}
  3129 | D:3      | Noticed an ogre
  3345 | D:3      | Reached skill level 1 in Armour
  3410 | D:3      | Reached XP level 4. HP: 36/36 MP: 6/6
  3818 | D:3      | Noticed an ogre
  4056 | D:3      | Reached skill level 1 in Evocations
  4483 | D:3      | Learned a level 2 spell: Poisonous Vapours
  4587 | D:4      | Noticed an ogre
  4601 | D:4      | Reached XP level 5. HP: 41/41 MP: 7/7
  4973 | D:5      | Entered Level 5 of the Dungeon
  5195 | D:5      | Found a glowing drain.
  5215 | D:5      | Reached skill level 5 in Unarmed Combat
  5218 | Sewer    | Entered a sewer
  5773 | Sewer    | Reached XP level 6. HP: 36/48 MP: 8/8
  6297 | D:5      | Reached skill level 6 in Unarmed Combat
  6674 | D:5      | Reached XP level 7. HP: 52/55 MP: 9/9
  7002 | D:6      | Noticed Menkaure
  7036 | D:6      | Killed Menkaure
  7037 | D:6      | Reached skill level 1 in Spellcasting
  7037 | D:6      | Reached skill level 1 in Air Magic
  7037 | D:6      | Reached skill level 1 in Poison Magic
  8024 | D:6      | Reached skill level 7 in Unarmed Combat
  8212 | D:6      | Reached XP level 8. HP: 45/61 MP: 13/13
  8773 | D:6      | Noticed Pikel
  8797 | D:6      | Killed Pikel
  8798 | D:6      | Reached skill level 8 in Unarmed Combat
  9489 | D:7      | Reached XP level 9. HP: 67/67 MP: 11/16
  9491 | D:7      | Reached skill level 9 in Unarmed Combat
  9498 | D:7      | Learned a level 4 spell: Olgreb's Toxic Radiance
  9601 | D:7      | Found a staircase to the Ecumenical Temple.
 10598 | D:8      | Noticed Grum
 10652 | D:8      | Killed Grum
 10698 | D:7      | HP: 2/69 [wolf[Grum] (3)]
 10701 | D:7      | Slain by a wolf

Illustrated notes

Levels and vault maps discovered:
D:1:      grunt_arrival_lava_bath, layout_basic, amcnicky_mini_corridor_feature
D:2:      wad_pebble_path, layout_loops_ring, shapermc_ecumenical_altar_petra,
          kennysheep_generic_room_13
D:3:      layout_rooms, gammafunk_ghost_smash
D:4:      layout_rooms
D:5:      layout_basic, nicolae_dithmenos_the_darkroom, portal_sewer_entry_f,
          st_stairs_14
D:6:      layout_basic, lemuel_coloured_pillars_altar,
          minmay_unpleasant_kobolds, uniq_pikel, uniq_menkaure
D:7:      layout_rooms, nicolae_uskayaw_dance_studio,
          minmay_temple_entry_gardened_gates
D:8:      lemuel_slime, layout_loops_ring, uniq_grum

Skill      XL: |  1  2  3  4  5  6  7  8  9 |
---------------+----------------------------+-----
Unarmed Combat | 3 4 5 6 7 8 9 |  9.8
Armour         | 1 2 3 4 |  4.0
Evocations     | 1 |  1.4
Fighting       | 2 3 |  3.0
Spellcasting   | 1 3 |  3.2
Air Magic      | 1 3 |  3.0
Poison Magic   | 2 3 |  3.3
Throwing       | |  1.7
Dodging        | |  2.6

Action                   |  1- 3 |  4- 6 |  7- 9 || total
-------------------------+-------+-------+-------++-------
Melee: Unarmed           |   209 |   410 |   315 ||   934
       Punch             |     5 |    16 |    14 ||    35
 Cast: Poisonous Vapours |       |       |    73 ||    73
Evoke: Wand              |       |       |     5 ||     5
  Use: Scroll            |       |     9 |     8 ||    17
 Stab: Sleeping          |     4 |     2 |       ||     6
Armor: Leather armour    |    63 |   121 |    88 ||   272
Dodge: Dodged            |   134 |   291 |   193 ||   618
